 Dungeon Crawl Stone Soup version 0.31-a0-202-g547052bce9 (webtiles) character file.

Game seed: 4626361503055933240

65 qw the Shooter (level 3, 0/20 HPs)
             Began as a Deep Elf Hunter on June 26, 2023.
             Killed from afar by an orc wizard (7 damage)
             ... with a magic dart
             ... on level 2 of the Dungeon.
             The game lasted 00:00:31 (1120 turns).

qw the Shooter (Deep Elf Hunter)                    Turns: 1120, Time: 00:00:32

Health: 0/20       AC:  5    Str: 10    XL:     3   Next: 94%
Magic:  5/5        EV: 11    Int: 13    God:
Gold:   45         SH:  0    Dex: 18    Spells: 2/2 levels left

rFire   . . .        Y - +0 shortbow
rCold   . . .        (shield currently unavailable)
rNeg    . . .        e - +0 ring mail
rPois   .            (no helmet)
rElec   .            (no cloak)
rCorr   .            (no gloves)
SInv    .            (no boots)
Will    .....        (no amulet) Stlth
                     (no ring)
HPRegen 0.23/turn    (no ring)
MPRegen 0.09/turn

%: no passive effects
@: confused
A: no striking features
a: no special abilities


You were on level 2 of the Dungeon.
You visited 1 branch of the dungeon, and saw 2 of its levels.

You collected 45 gold pieces.


   Skills:
 - Level 1.5 Fighting
 + Level 7.4 Ranged Weapons
 - Level 2.4 Dodging
 - Level 1.2 Stealth


You had 2 spell levels left.
You didn't know any spells.
Your spell library was empty.

Inventory:

Hand Weapons
 Y - a +0 shortbow (weapon)
Armour
 e - a +0 ring mail (worn)
Scrolls
 a - a scroll of identify
Potions
 b - a potion of brilliance {unknown}
 c - a potion of lignification {unknown}
 d - a potion of invisibility {unknown}
 g - a potion of degeneration {unknown}

Dungeon Overview and Level Annotations

Branches:
Dungeon (2/15)

Altars:
Gozag


Message History

The arrow closely misses the orc wizard.
An orc comes into view. It is wielding a +0 flail.
The orc wizard gestures wildly while chanting.
The orc wizard flickers and vanishes!
Deactivating autopickup; reactivate with Ctrl-A.
The orc moves out of view.
You shoot an arrow. You shoot an arrow. The arrow barely misses the orc.
You shoot an arrow. The arrow hits the orc.
The orc is moderately wounded.
You shoot an arrow. The arrow barely misses the orc.
Something hits you.
You shoot an arrow. The arrow closely misses the orc.
Something hits you. The orc hits you with a +0 flail.
You shoot an arrow. The arrow hits the orc.
The orc is heavily wounded.
Something hits you. The orc hits you with a +0 flail.
Something hits you but does no damage.
You shoot an arrow.
The arrow hits the orc but does no damage.
The orc is heavily wounded.
Something hits you. The orc closely misses you.
Something hits you but does no damage.
You shoot an arrow. The arrow hits the orc!
You kill the orc!
You hear some strange, mumbled words.
Something tries to affect you, but you resist.
You shoot an arrow.
You hear some strange, mumbled words.
You are confused.
Something barely misses you.
You shoot an arrow. Something completely misses you.
You shoot an arrow.
Something hits you but does no damage. x2
You shoot an arrow.
You hear some strange, mumbled words.
A magic dart appears from out of thin air!
The magic dart hits you!
You die...

#.#.#.........#...............###
..........###.#######.......#....
#.....#...# #.# #.......#....
###.......# #.# #....##......
#.#.....# #.#### #....##......
#.......###....# #....##......
#............#'# +....##......
#....%..###.##.## #....##......
#.....#.##..#.@{# #....##......
#.....#.##..#8)8# #########.#.#
.......#.##..#...# #.#.
##.#.#.########'## #.#. #.....
... .. .. ... #. ... .....


There were no monsters in sight!

Vanquished Creatures
  An adder (D:2)
  A worm (D:2)
  A dart slug (D:1)
  An orc (D:2)
  4 endoplasms
  A giant cockroach (D:1)
  3 goblins
  4 hobgoblins
  3 jackals (D:1)
  7 kobolds
  3 quokkas
  5 ball pythons
  2 bats (D:1)
  5 frilled lizards
  6 rats
47 creatures vanquished.

Notes
Turn   | Place    | Note
-------+----------+-------------------------------------------
     0 | D:1      | qw the Deep Elf Hunter began the quest for the Orb.
     0 | D:1      | Reached XP level 1. HP: 12/12 MP: 3/3
     0 | D:1      | 0 ||| qw: Version: 0.3-a-22-g0ed2b0b
     0 | D:1      | 0 ||| qw: Game counter: 6237
     0 | D:1      | 0 ||| qw: Melee chars always use a shield: true
     0 | D:1      | 0 ||| qw: God list: Okawaru
     0 | D:1      | 0 ||| qw: Allow faded altars: false
     0 | D:1      | 0 ||| qw: Do Orc after clearing Dungeon:15 true
     0 | D:1      | 0 ||| qw: Do second Lair branch before Depths: true
     0 | D:1      | 0 ||| qw: Lair rune preference: random
     0 | D:1      | 0 ||| qw: Goals: Normal
     0 | D:1      | 0 ||| PLANNING D:1-11
    66 | D:1      | Reached skill level 6 in Ranged Weapons
    66 | D:1      | Reached XP level 2. HP: 14/16 MP: 4/4
   561 | D:1      | Reached XP level 3. HP: 20/20 MP: 5/5
   744 | D:1      | 744 ||| UPGRADING to +0 ring mail.
   754 | D:1      | 754 ||| DROPPING +0 leather armour.
   805 | D:1      | 805 ||| READING scroll labelled VYJIN GADAICOWK.
   816 | D:1      | 816 ||| DROPPING scroll of butterflies.
   876 | D:2      | Reached skill level 7 in Ranged Weapons
   930 | D:2      | Noticed a neqoxec
   931 | D:2      | Found a faded altar of an unknown god.
  1074 | D:2      | Found an opulent altar of Gozag.
  1120 | D:2      | Killed from afar by an orc wizard

Levels and vault maps discovered:
D:1:      lightli_molten_gateway, layout_basic
D:2:      layout_basic, basic_altar, dreamdust_ecumenical_altar_sealed_demon,
          pf_guarded_unrand_delatra

Skill      XL: |  1  2  3 |
---------------+----------+-----
Ranged Weapons | 6 7 |  7.4
Fighting       | |  1.5
Dodging        | |  2.4
Stealth        | |  1.2

Action                     || total
---------------------------++-------
   Fire: Shortbow          ||   143
    Use: Scroll            ||     1
 Armour: Leather armour    ||     2
         Ring mail         ||     7
  Dodge: Dodged            ||    20

Table legend:
 A = Non-vault XP
 B = Vault XP
 C = Vault XP percentage of total XP
 D = Non-vault monster count
 E = Vault monster count
 F = Vault count percentage of total count
                 A         B        C        D         E       F
            +---------+---------+-------+---------+---------+-------
      Total |      91 |       3 |   3.2 |      46 |       1 |   2.1
            +---------+---------+-------+---------+---------+-------
        D:1 |      51 |       0 |   0.0 |      31 |       0 |   0.0
        D:2 |      40 |       3 |   7.0 |      15 |       1 |   6.2
            +---------+---------+-------+---------+---------+-------
